TOP OF THE 1ST |
Evanston Elitists batting - Pitching for Barry's Bay Orioles : RHP Salvador Delgado
|
Pitching: RHP Salvador Delgado
|
|
Batting: RHB Mike Harris
|
0-0: Called Strike 0-1: Ground out 5-3 (Groundball, 56S)
|
Batting: LHB Jean-Sébastien Beaudin
|
0-0: Called Strike 0-1: Fly out, F9 (Flyball, 9D)
|
Batting: RHB Greg Nichols
|
0-0: Ball 1-0: Ball 2-0: DOUBLE (Flyball, 8RXD)
|
Batting: SHB Ryan Roberts
|
0-0: Called Strike 0-1: Ball 1-1: Called Strike 1-2: SINGLE (Groundball, 56S) (infield hit) Greg Nichols to third
|
Batting: RHB Cristóbal Calderón
|
0-0: SINGLE (Flyball, 7S) Greg Nichols scores Ryan Roberts to second
|
Batting: RHB Troy Johnson
|
0-0: Ball 1-0: Ball 2-0: Called Strike 2-1: Fielders Choice at 2nd, U4 (Groundball, 4M)
|
Top of the 1st over - 1 run, 3 hits, 0 errors, 2 left on base; Evanston 1 - Barry's Bay 0 |
BOTTOM OF THE 1ST |
Barry's Bay Orioles batting - Pitching for Evanston Elitists : RHP Jesús Cervantes
|
Pitching: RHP Jesús Cervantes
|
|
Batting: RHB Ronnie Starr
|
0-0: Called Strike 0-1: Ground out U3 (Groundball, 34S)
|
Batting: LHB Vito Ramírez
|
0-0: Called Strike 0-1: SOLO HOME RUN (Line Drive, 9LD), Distance : 314 ft
|
Batting: RHB Marcos Pérez
|
0-0: Ball 1-0: Ball 2-0: Swinging Strike 2-1: Foul Ball, location: 2F 2-2: DOUBLE (Flyball, 89D)
|
Batting: LHB Nicholas Morgan
|
0-0: Called Strike 0-1: Swinging Strike 0-2: Foul Ball, location: 2F 0-2: Ball 1-2: Ball 2-2: Ground out 6-3 (Groundball, 6)
|
Batting: RHB Ernesto Rodríguez
|
0-0: Called Strike 0-1: Ball 1-1: Ball 2-1: Fly out, F9 (Flyball, 9LSF)
|
Bottom of the 1st over - 1 run, 2 hits, 0 errors, 1 left on base; Evanston 1 - Barry's Bay 1 |
TOP OF THE 2ND |
Evanston Elitists batting - Pitching for Barry's Bay Orioles : RHP Salvador Delgado
|
Batting: SHB Claas van der Kuijl
|
0-0: Called Strike 0-1: Ball 1-1: Called Strike 1-2: Ball 2-2: Foul Ball, location: 2F 2-2: Ball 3-2: Foul Ball, location: 2F 3-2: Base on Balls
|
Batting: RHB Zhong-xian Pai
|
0-0: Swinging Strike 0-1: Foul Ball, location: 2F 0-2: Ball 1-2: Foul Ball, location: 2F 1-2: Strikes out looking
|
Batting: RHB Bruce Adams
|
0-0: Ball 1-0: Ball 2-0: Ground out U3 (Groundball, 34S) Claas van der Kuijl to second
|
Batting: RHB Mike Harris
|
0-0: Swinging Strike 0-1: Ball 1-1: Ball 2-1: Ball 3-1: Swinging Strike 3-2: Strikes out swinging
|
Top of the 2nd over - 0 runs, 0 hits, 0 errors, 1 left on base; Evanston 1 - Barry's Bay 1 |
BOTTOM OF THE 2ND |
Barry's Bay Orioles batting - Pitching for Evanston Elitists : RHP Jesús Cervantes
|
Batting: LHB Pancho Hernández
|
0-0: Called Strike 0-1: Foul Ball, location: 2F 0-2: Strikes out swinging
|
Batting: LHB Javier Soto
|
0-0: Ball 1-0: Called Strike 1-1: Foul Ball, location: 2F 1-2: Strikes out looking
|
Batting: LHB Dave Sanders
|
0-0: SINGLE (Line Drive, 34)
|
Batting: SHB Dan Morse
|
0-0: Fly out, F7 (Line Drive, 7)
|
Bottom of the 2nd over - 0 runs, 1 hit, 0 errors, 1 left on base; Evanston 1 - Barry's Bay 1 |
TOP OF THE 3RD |
Evanston Elitists batting - Pitching for Barry's Bay Orioles : RHP Salvador Delgado
|
Batting: LHB Jean-Sébastien Beaudin
|
0-0: Bunt for hit - play at first, batter OUT! 5-3
|
Batting: RHB Greg Nichols
|
0-0: SOLO HOME RUN (Line Drive, 7LD), Distance : 313 ft
|
Batting: SHB Ryan Roberts
|
0-0: Foul Ball, location: 2F 0-1: Ball 1-1: Ball 2-1: Foul Ball, location: 2F 2-2: SINGLE (Groundball, 4D)
|
Batting: RHB Cristóbal Calderón
|
0-0: SINGLE (Line Drive, 7S) Ryan Roberts to second
|
Batting: RHB Troy Johnson
|
0-0: Ball 1-0: Called Strike 1-1: Ground out 6-3 (Groundball, 6S) Ryan Roberts to third Cristóbal Calderón to second
|
Batting: SHB Claas van der Kuijl
|
0-0: Ball 1-0: Ball 2-0: Fly out, F6 (Line Drive, 56)
|
Top of the 3rd over - 1 run, 3 hits, 0 errors, 2 left on base; Evanston 2 - Barry's Bay 1 |
BOTTOM OF THE 3RD |
Barry's Bay Orioles batting - Pitching for Evanston Elitists : RHP Jesús Cervantes
|
Batting: RHB Ronnie Starr
|
0-0: Called Strike 0-1: Ground out 6-3 (Groundball, 6)
|
Batting: LHB Vito Ramírez
|
0-0: Ball 1-0: Ball 2-0: Ball 3-0: Called Strike 3-1: Base on Balls
|
Batting: RHB Marcos Pérez
|
0-0: Foul Ball, location: 2F 0-1: Fly out, F8 (Flyball, 78S)
|
Batting: LHB Nicholas Morgan
|
0-0: Fly out, F3 (Line Drive, 3L)
|
Bottom of the 3rd over - 0 runs, 0 hits, 0 errors, 1 left on base; Evanston 2 - Barry's Bay 1 |
TOP OF THE 4TH |
Evanston Elitists batting - Pitching for Barry's Bay Orioles : RHP Salvador Delgado
|
Batting: RHB Zhong-xian Pai
|
0-0: Ball 1-0: Foul Ball, location: 2F 1-1: Ball 2-1: Ball 3-1: SINGLE (Flyball, 9S)
|
Batting: RHB Bruce Adams
|
Pickoff Throw to First - Error! E1 Zhong-xian Pai to second 0-0: Ball 1-0: Ground out 6-3 (Groundball, 6)
|
Batting: RHB Mike Harris
|
0-0: Fly out, F9 (Flyball, 89M)
|
Batting: LHB Jean-Sébastien Beaudin
|
0-0: Called Strike 0-1: Ground out U3 (Groundball, 34S)
|
Top of the 4th over - 0 runs, 1 hit, 1 error, 1 left on base; Evanston 2 - Barry's Bay 1 |
BOTTOM OF THE 4TH |
Barry's Bay Orioles batting - Pitching for Evanston Elitists : RHP Jesús Cervantes
|
Batting: RHB Ernesto Rodríguez
|
0-0: Ball 1-0: Called Strike 1-1: Ground out 6-3 (Groundball, 6)
|
Batting: LHB Pancho Hernández
|
0-0: Foul Ball, location: 2F 0-1: Ball 1-1: Swinging Strike 1-2: Foul Ball, location: 2F 1-2: Strikes out swinging
|
Batting: LHB Javier Soto
|
0-0: Ball 1-0: Swinging Strike 1-1: Foul Ball, location: 2F 1-2: Strikes out swinging
|
Bottom of the 4th over - 0 runs, 0 hits, 0 errors, 0 left on base; Evanston 2 - Barry's Bay 1 |
TOP OF THE 5TH |
Evanston Elitists batting - Pitching for Barry's Bay Orioles : RHP Salvador Delgado
|
Batting: RHB Greg Nichols
|
0-0: Ball 1-0: Ball 2-0: Ball 3-0: Base on Balls
|
Pitching: RHP Kelly Woodside
|
|
Batting: SHB Ryan Roberts
|
0-0: Foul Ball, location: 2F 0-1: Ball 1-1: Called Strike 1-2: Strikes out swinging
|
Batting: RHB Cristóbal Calderón
|
0-0: Ball 1-0: Ball 2-0: Ball 3-0: Base on Balls Greg Nichols to second
|
Batting: RHB Troy Johnson
|
0-0: Ball 1-0: SINGLE (Line Drive, 8LS) Greg Nichols to third Cristóbal Calderón to second
|
Batting: SHB Claas van der Kuijl
|
0-0: Foul Ball, location: 2F 0-1: Ball 1-1: Ball 2-1: Grounds into double play, 6-4-3 (Groundball, 6M)
|
Top of the 5th over - 0 runs, 1 hit, 0 errors, 2 left on base; Evanston 2 - Barry's Bay 1 |
BOTTOM OF THE 5TH |
Barry's Bay Orioles batting - Pitching for Evanston Elitists : RHP Jesús Cervantes
|
Batting: LHB Dave Sanders
|
0-0: Ball 1-0: Foul Ball, location: 2F 1-1: Ball 2-1: SINGLE (Groundball, 4MD)
|
Batting: SHB Dan Morse
|
0-0: Swinging Strike 0-1: SINGLE (Line Drive, 7S) Dave Sanders to second
|
Batting: RHB Ronnie Starr
|
0-0: Called Strike 0-1: Swinging Strike 0-2: Strikes out swinging
|
Batting: LHB Vito Ramírez
|
0-0: Called Strike 0-1: Ball 1-1: Ball 2-1: Ball 3-1: Base on Balls Dave Sanders to third Dan Morse to second
|
Batting: RHB Marcos Pérez
|
0-0: SINGLE (Flyball, 9LS) Dave Sanders scores Dan Morse to third Vito Ramírez to second Runner from 3rd tries for Home, SAFE, no throw
|
Batting: LHB Nicholas Morgan
|
0-0: Called Strike 0-1: Foul Ball, location: 2F 0-2: SINGLE (Groundball, 34) (infield hit) Vito Ramírez to third Marcos Pérez to second
|
Batting: RHB Ernesto Rodríguez
|
0-0: Foul Ball, location: 2F 0-1: Foul Ball, location: 2F 0-2: Fly out, F8 (Flyball, 8RD) Runner from 3rd tags up, SCORES, throw made
|
Batting: LHB Pancho Hernández
|
0-0: Ball 1-0: Foul Ball, location: 2F 1-1: SINGLE (Flyball, 7S) Marcos Pérez to third Nicholas Morgan to second Runner from 3rd tries for Home, SAFE, no throw
|
Batting: LHB Javier Soto
|
0-0: Swinging Strike 0-1: Called Strike 0-2: 3-RUN HOME RUN (Flyball, 9LD), Distance : 319 ft
|
Pitching: RHP Jim Dorsey
|
|
Batting: LHB Dave Sanders
|
0-0: Called Strike 0-1: Foul Ball, location: 2F 0-2: Strikes out swinging
|
Bottom of the 5th over - 7 runs, 6 hits, 0 errors, 0 left on base; Evanston 2 - Barry's Bay 8 |
TOP OF THE 6TH |
Evanston Elitists batting - Pitching for Barry's Bay Orioles : RHP Kelly Woodside
|
Batting: RHB Zhong-xian Pai
|
0-0: Ball 1-0: Called Strike 1-1: Fly out, F8 (Line Drive, 8LD)
|
Batting: RHB Bruce Adams
|
0-0: Called Strike 0-1: Fly out, F5 (Popup, 56)
|
Batting: RHB Mike Harris
|
0-0: Foul Ball, location: 2F 0-1: Ball 1-1: Swinging Strike 1-2: Fly out, F8 (Flyball, 8LXD)
|
Top of the 6th over - 0 runs, 0 hits, 0 errors, 0 left on base; Evanston 2 - Barry's Bay 8 |
BOTTOM OF THE 6TH |
Barry's Bay Orioles batting - Pitching for Evanston Elitists : RHP Jim Dorsey
|
Batting: SHB Dan Morse
|
0-0: Called Strike 0-1: Ball 1-1: Fly out, F7 (Flyball, 7LS)
|
Batting: RHB Ronnie Starr
|
0-0: Ball 1-0: Called Strike 1-1: Fly out, F8 (Flyball, 8RD)
|
Batting: LHB Vito Ramírez
|
0-0: Ball 1-0: Ball 2-0: Foul Ball, location: 2F 2-1: Swinging Strike 2-2: Foul Ball, location: 2F 2-2: Ball 3-2: SOLO HOME RUN (Flyball, 9LD), Distance : 312 ft
|
Batting: RHB Marcos Pérez
|
0-0: Ball 1-0: Ball 2-0: Ball 3-0: Called Strike 3-1: Base on Balls
|
Batting: LHB Nicholas Morgan
|
0-0: Ball 1-0: Called Strike 1-1: Ball 2-1: Called Strike 2-2: Fly out, F7 (Flyball, 7D)
|
Bottom of the 6th over - 1 run, 1 hit, 0 errors, 1 left on base; Evanston 2 - Barry's Bay 9 |
TOP OF THE 7TH |
Evanston Elitists batting - Pitching for Barry's Bay Orioles : RHP Kelly Woodside
|
Batting: LHB Jean-Sébastien Beaudin
|
0-0: Ball 1-0: Ball 2-0: Foul Ball, location: 2F 2-1: Ball 3-1: Base on Balls
|
Batting: RHB Greg Nichols
|
0-0: Called Strike 0-1: Called Strike 0-2: Foul Ball, location: 2F 0-2: Ball 1-2: Foul Ball, location: 2F 1-2: Ball 2-2: Foul Ball, location: 2F 2-2: Foul Ball, location: 2F 2-2: Fly out, F8 (Flyball, 8LD)
|
Batting: SHB Ryan Roberts
|
0-0: Called Strike 0-1: SINGLE (Line Drive, 89M) Jean-Sébastien Beaudin to second
|
Batting: RHB Cristóbal Calderón
|
0-0: Ball 1-0: Ball 2-0: Called Strike 2-1: Grounds into double play, 6-4-3 (Groundball, 6)
|
Top of the 7th over - 0 runs, 1 hit, 0 errors, 1 left on base; Evanston 2 - Barry's Bay 9 |
BOTTOM OF THE 7TH |
Barry's Bay Orioles batting - Pitching for Evanston Elitists : RHP Jim Dorsey
|
Batting: RHB Ernesto Rodríguez
|
0-0: SINGLE (Groundball, 56S) (infield hit)
|
Batting: LHB Pancho Hernández
|
0-0: Fly out, F8 (Flyball, 8LD)
|
Batting: LHB Javier Soto
|
0-0: Ball 1-0: Foul Ball, location: 2F 1-1: Called Strike 1-2: Ball 2-2: Grounds into double play, 4-6-3 (Groundball, 4M)
|
Bottom of the 7th over - 0 runs, 1 hit, 0 errors, 0 left on base; Evanston 2 - Barry's Bay 9 |
TOP OF THE 8TH |
Evanston Elitists batting - Pitching for Barry's Bay Orioles : RHP Kelly Woodside
|
Pitching: RHP Ethan Adams
|
|
Batting: RHB Troy Johnson
|
0-0: Called Strike 0-1: Swinging Strike 0-2: Ball 1-2: Foul Ball, location: 2F 1-2: Foul Ball, location: 2F 1-2: Foul Ball, location: 2F 1-2: Reached on error, E6 (Groundball, 6)
|
Batting: SHB Claas van der Kuijl
|
0-0: Foul Ball, location: 2F 0-1: Foul Ball, location: 2F 0-2: Ball 1-2: Ball 2-2: Foul Ball, location: 2F 2-2: Ball 3-2: Strikes out swinging
|
Batting: RHB Zhong-xian Pai
|
0-0: Called Strike 0-1: Ball 1-1: Ball 2-1: Ball 3-1: Base on Balls Troy Johnson to second
|
Batting: RHB Bruce Adams
|
0-0: Ball 1-0: Ball 2-0: Called Strike 2-1: Ball 3-1: Foul Ball, location: 2F 3-2: Base on Balls Troy Johnson to third Zhong-xian Pai to second
|
Batting: RHB Mike Harris
|
0-0: Foul Ball, location: 2F 0-1: Ball 1-1: Ball 2-1: Ball 3-1: SINGLE (Groundball, 56D) Troy Johnson scores Zhong-xian Pai to third Bruce Adams to second
|
Batting: LHB Jean-Sébastien Beaudin
|
0-0: Ball 1-0: Fly out, F8 (Flyball, 8RS) Runner from 3rd tags up, SCORES, throw made
|
Batting: RHB Greg Nichols
|
0-0: Ball 1-0: Ball 2-0: Called Strike 2-1: Foul Ball, location: 2F 2-2: Foul Ball, location: 2F 2-2: Foul Ball, location: 2F 2-2: Ball 3-2: Base on Balls Bruce Adams to third Mike Harris to second
|
Pitching: RHP De-wei Hung
|
|
Batting: SHB Ryan Roberts
|
0-0: Called Strike 0-1: Ball 1-1: Ball 2-1: GRAND SLAM HOME RUN (Line Drive, 9D), Distance : 359 ft
|
Batting: RHB Cristóbal Calderón
|
0-0: Called Strike 0-1: Foul Ball, location: 2F 0-2: Ground out 5-3 (Groundball, 56S)
|
Top of the 8th over - 6 runs, 2 hits, 1 error, 0 left on base; Evanston 8 - Barry's Bay 9 |
BOTTOM OF THE 8TH |
Barry's Bay Orioles batting - Pitching for Evanston Elitists : RHP Jim Dorsey
|
Batting: LHB Dave Sanders
|
0-0: Ground out 1-3 (Groundball, P)
|
Batting: SHB Dan Morse
|
0-0: Called Strike 0-1: Ball 1-1: Called Strike 1-2: SINGLE (Groundball, 4D)
|
Batting: RHB Ronnie Starr
|
0-0: Ball 1-0: Ball 2-0: SINGLE (Line Drive, 56D) Dan Morse to second
|
Batting: LHB Vito Ramírez
|
0-0: Called Strike Dan Morse steals 3rd base Ronnie Starr to second 0-1: Ball 1-1: Intentional Walk
|
Batting: RHB Marcos Pérez
|
0-0: Ball 1-0: Ball 2-0: Called Strike 2-1: Grounds into fielders choice 4-2 (Groundball, 4) Ronnie Starr to third Vito Ramírez to second
|
Batting: LHB Nicholas Morgan
|
0-0: Ball 1-0: Ball 2-0: Ball 3-0: Base on Balls Ronnie Starr scores Vito Ramírez to third Marcos Pérez to second
|
Pitching: RHP Joel Cobb
|
|
Pinch Hitting: LHB Jerry Koch
|
0-0: Swinging Strike 0-1: Called Strike 0-2: Ball 1-2: Ball 2-2: Ball 3-2: Strikes out swinging
|
Bottom of the 8th over - 1 run, 2 hits, 0 errors, 3 left on base; Evanston 8 - Barry's Bay 10 |
TOP OF THE 9TH |
Evanston Elitists batting - Pitching for Barry's Bay Orioles : RHP De-wei Hung
|
Pitching: RHP Carlos López
|
|
Now at SS: Jerry Koch
|
|
Batting: RHB Troy Johnson
|
0-0: Called Strike 0-1: Ball 1-1: Foul Ball, location: 2F 1-2: Ball 2-2: Ball 3-2: Foul Ball, location: 2F 3-2: SOLO HOME RUN (Flyball, 7D), Distance : 354 ft
|
Batting: SHB Claas van der Kuijl
|
0-0: Ball 1-0: Ball 2-0: Swinging Strike 2-1: Ball 3-1: Called Strike 3-2: Base on Balls
|
Batting: RHB Zhong-xian Pai
|
0-0: Bunted foul 0-1: Sac Bunt - play at first, batter OUT! 1-4 Claas van der Kuijl to second
|
Pinch Hitting: RHB Joe Farrell
|
0-0: Ball 1-0: Foul Ball, location: 2F 1-1: Ball 2-1: Ball 3-1: Swinging Strike 3-2: Fly out, F8 (Flyball, 8LS)
|
Pinch Hitting: SHB Esteban Aliaga
|
0-0: Ball 1-0: Ball 2-0: Ball 3-0: Base on Balls
|
Batting: LHB Jean-Sébastien Beaudin
|
0-0: Ball 1-0: Ball 2-0: Foul Ball, location: 2F 2-1: Ball Passed Ball! Claas van der Kuijl to third Esteban Aliaga to second 3-1: SINGLE (Groundball, 34D) Claas van der Kuijl scores Esteban Aliaga to third Runner from 3rd tries for Home, SAFE, throw made home Jean-Sébastien Beaudin to second
|
Pitching: RHP David Miller
|
|
Batting: RHB Greg Nichols
|
0-0: Ball 1-0: Called Strike 1-1: Ball 2-1: Foul Ball, location: 2F 2-2: Strikes out looking
|
Top of the 9th over - 3 runs, 2 hits, 0 errors, 1 left on base; Evanston 11 - Barry's Bay 10 |
BOTTOM OF THE 9TH |
Barry's Bay Orioles batting - Pitching for Evanston Elitists : RHP Joel Cobb
|
Pitching: RHP Raúl Pérez
|
|
Now at 1B: Ed Gaston
|
|
Now at SS: Jaime Aguirre
|
|
Now in CF: Esteban Aliaga
|
|
Batting: LHB Pancho Hernández
|
0-0: Called Strike 0-1: Ball 1-1: Reached on error, E6 (Groundball, 6)
|
Batting: LHB Javier Soto
|
0-0: Bunted foul 0-1: Ball 1-1: Bunted foul 1-2: Strikes out looking
|
Batting: LHB Dave Sanders
|
0-0: Called Strike 0-1: Called Strike 0-2: Ball 1-2: Ball 2-2: Strikes out swinging
|
Pinch Hitting: RHB Rob Palmer
|
0-0: Swinging Strike 0-1: Ball 1-1: Foul Ball, location: 2F 1-2: Fly out, F6 (Popup, 4MS)
|
Bottom of the 9th over - 0 runs, 0 hits, 1 error, 1 left on base; Evanston 11 - Barry's Bay 10 |
|